Map: Lost and Found LE

Players

HeroMarine - Winner!

  • Race: Terran Terran
  • Spawn Location: 1:00

Silky

  • Race: Zerg Zerg
  • Spawn Location: 7:00

Event: WCS Montreal 2018

VOD

Have the link to the VOD?

Description

Time

  • Played on: Sept. 7, 2018, 5:04 p.m.
  • Length: 18:21

All games in this series

Show
View Real Time Build Order
Export as new Build Order

HeroMarine Terran - Winner!

Build Orders: Gas First Reaper Expand, Hellion Opening, Reaper Expand, Bio Tank 

Get SALT Encoding   

  12  0:00  SCV  
  13  0:12  SCV  
  14  0:17  Supply Depot  
  14  0:24  SCV  
  14  0:27  Refinery  
  15  0:38  SCV  
  16  0:43  Barracks  
  16  0:50  SCV  
  17  1:02  SCV  
  18  1:14  SCV  
  19  1:29  Reaper  
  19  1:30  Orbital Command  
  20  1:40  Command Center  
  20  1:50  Factory  
  20  1:55  SCV  
  21  2:05  Barracks Reactor  
  21  2:07  Supply Depot, SCV  
  22  2:12  Refinery  
  22  2:19  SCV  
  23  2:31  SCV  
  24  2:40  Starport  
  24  2:43  SCV  
  25  2:47  Hellion x2  
  29  2:54  Orbital Command, Barracks Tech Lab  
  29  2:55  SCV  
  30  3:08  SCV, Hellion x2  
  35  3:20  SCV x2  
  35  3:22  Raven  
  35  3:24  Marine  
  35  3:26  Supply Depot  
  40  3:32  Hellion x2  
  44  3:35  SCV  
  44  3:36  SCV  
  46  3:43  Barracks Tech Lab  
  46  3:48  SCV x2  
  48  3:49  Supply Depot  
  48  3:53  Hellion  
  50  3:57  Hellion  
  50  4:00  SCV x2  
  50  4:07  Raven  
  52  4:12  SCV x2  
  52  4:16  Command Center  
  54  4:22  Stimpack, Marine  
  55  4:24  SCV  
  55  4:26  Supply Depot  
  55  4:28  SCV  
  56  4:36  SCV  
  56  4:37  Factory Reactor  
  57  4:40  SCV  
  57  4:42  Barracks x2  
  57  4:43  Marine  
  59  4:48  SCV  
  59  4:52  Engineering Bay, SCV  
  61  4:53  Engineering Bay  
  61  5:00  SCV  
  61  5:01  Marine  
  61  5:04  Starport Reactor, SCV  
  64  5:12  SCV  
  63  5:16  SCV  
  63  5:18  Marine  
  63  5:20  Terran Infantry Weapons Level 1, Terran Infantry Armor Level 1  
  63  5:21  Refinery  
  63  5:22  Refinery  
  63  5:25  SCV  
  64  5:28  SCV  
  64  5:29  Orbital Command  
  64  5:31  Marine  
  64  5:32  Marine  
  67  5:36  Marine  
  67  5:37  SCV, Marine x2  
  67  5:39  Barracks  
  67  5:40  SCV, Barracks  
  72  5:46  Supply Depot  
  72  5:48  Orbital Command  
  72  5:49  SCV, Marine x2  
  74  5:51  Medivac  
  74  5:52  SCV, Medivac  
  80  5:58  Marine  
  80  5:59  Marine  
  80  6:01  SCV  
  83  6:05  SCV  
  83  6:09  Siege Tank  
  87  6:11  Supply Depot  
  87  6:12  Supply Depot x2  
  87  6:14  SCV x2  
  87  6:17  SCV  
  90  6:20  Marine x2  
  90  6:21  Marine  
  93  6:30  Barracks Reactor  
  93  6:31  Combat Shield, Barracks Reactor  
  93  6:32  Marine x2  
  93  6:33  SCV x3  
  93  6:38  Marine x3  
  101  6:41  Siege Tank  
  101  6:42  Refinery  
  101  6:44  Refinery  
  101  6:45  Supply Depot, SCV x2  
  106  6:47  Armory  
  106  6:50  Marine  
  106  6:52  Supply Depot, SCV  
  106  6:53  Marine  
  109  6:56  Marine x3  
  109  6:57  SCV x2  
  114  7:07  Marine x3  
  114  7:08  Marine  
  112  7:11  SCV x3, Marine  
  112  7:13  Marine  
  112  7:14  Factory, Marine x3  
  120  7:23  SCV x3  
  123  7:32  Marine x3  
  123  7:37  Marine x3  
  123  7:38  Siege Tank, Marine  
  123  7:42  Terran Infantry Armor Level 2, Terran Infantry Weapons Level 2  
  123  7:43  Supply Depot  
  128  7:47  Terran Vehicle And Ship Armor Level 1  
  128  7:49  Marine  
  129  7:52  Marine  
  129  7:53  Marine  
  129  7:55  Medivac  
  133  7:59  Hellion x2  
  133  8:05  Medivac  
  135  8:13  Factory Tech Lab  
  135  8:14  Marine x2, Command Center  
  135  8:16  Supply Depot  
  135  8:18  Siege Tank, Supply Depot  
  135  8:19  Marine x2  
  142  8:22  Marine x2  
  142  8:23  Marine x2  
  142  8:27  Supply Depot, Marine  
  146  8:30  Medivac  
  146  8:33  Supply Depot x2  
  149  8:38  Marine, Medivac  
  152  8:45  Sensor Tower, Marine  
  152  8:47  Marine x3  
  152  8:48  Siege Tank, Marine x2  
  160  8:49  Supply Depot, Marine  
  160  8:50  Siege Tank  
  160  8:54  Marine  
  162  8:55  Marine  
  163  9:03  Barracks  
  163  9:04  Barracks x2  
  163  9:11  Marine x3  
  163  9:14  Marauder, Marine  
  163  9:15  Supply Depot  
  169  9:20  Siege Tank  
  169  9:22  Siege Tank, Marine x2  
  171  9:29  Marine x2  
  171  9:30  Medivac x2  
  176  9:35  SCV x3  
  176  9:36  Marauder  
  181  9:50  Marine x4  
  181  9:51  Barracks Tech Lab x2  
  177  9:53  Marine x3  
  177  9:54  Siege Tank, Barracks Tech Lab  
  177  9:57  Marauder  
  181  10:03  Marine  
  182  10:07  SCV  
  182  10:08  SCV x2, Marine  
  182  10:09  Marauder  
  182  10:10  Terran Infantry Armor Level 3, Terran Infantry Weapons Level 3, Marine x3  
  191  10:15  Marine x3  
  191  10:16  Marauder  
  191  10:18  Marauder  
  198  10:22  Marauder  
  192  10:37  Marauder x2, Marine x3  
  192  10:38  Planetary Fortress  
  199  10:50  Terran Vehicle And Ship Armor Level 2  
  199  10:56  SCV x2  
  196  10:57  SCV  
  196  11:03  Marauder x2  
  196  11:04  Marauder  
  199  11:07  Marine x2  
  199  11:08  SCV x2  
  199  11:11  Marine x3  
  159  11:12  Marauder, Marine x3  
  159  11:13  Siege Tank x2, Medivac x2  
  155  11:24  Marine  
  155  11:25  Marauder x2, Marine x2  
  159  11:29  Starport, Marine x2  
  159  11:30  Starport, Marine x2  
  164  11:34  Marauder, Command Center  
  164  11:35  Marine x2  
  168  11:43  Marauder, Marine  
  168  11:46  Marauder x2, Marine  
  176  11:47  Marine x2  
  176  11:48  Liberator x2, Marine  
  176  11:49  Marine  
  176  11:53  Siege Tank x2, Marine x2  
  185  11:55  Marauder  
  185  11:57  Fusion Core  
  185  11:58  Refinery  
  185  12:01  Refinery, Marine  
  188  12:06  Marauder, Marine x2  
  198  12:15  Starport Reactor, Starport Tech Lab, Marine  
  198  12:16  Marine  
  200  12:36  Liberator x2  
  198  12:57  Marauder x3, Marine x3  
  199  12:59  Marauder  
  199  13:00  Marine  
  199  13:02  Marine x2  
  199  13:04  Marine x2  
  200  13:07  Ghost Academy  
  200  13:14  Liberator x2  
  196  13:28  Barracks x2  
  196  13:29  Barracks  
  196  13:32  Advanced Ballistics  
  196  13:33  Terran Ship Weapons Level 1  
  200  13:34  Armory  
  200  13:41  Personal Cloaking  
  200  13:56  Liberator x2  
  200  13:57  Marine  
  200  14:01  Marauder  
  193  14:08  Marauder, Marine x2  
  193  14:09  Marauder  
  188  14:10  Marine  
  188  14:11  Siege Tank, Marine x2, Ghost  
  188  14:12  Siege Tank, Liberator x2  
  152  14:26  Marauder, Marine x2  
  152  14:27  Marine  
  152  14:28  Marine x3  
  152  14:29  Medivac  
  152  14:30  Marauder  
  163  14:36  Marauder  
  164  14:38  Liberator  
  164  14:39  Marine  
  164  14:43  Siege Tank, Marine x2  
  164  14:44  Marine  
  164  14:45  Orbital Command  
  167  14:46  Marine x2  
  167  14:47  Marine  
  167  14:48  Marauder  
  167  14:49  Marine  
  170  14:54  Marauder  
  165  15:00  Marauder, Marine x2  
  165  15:01  Marauder  
  151  15:13  Marauder, Marine x2  
  151  15:14  Marine  
  151  15:15  Siege Tank  
  151  15:17  Concussive Shells  
  151  15:21  Marine  
  149  15:30  Planetary Fortress  
  149  15:39  SCV x2  
  149  15:41  Marine  
  149  15:42  Marauder x2, Marine x2  
  158  15:43  Medivac  
  158  15:47  Marauder x2  
  164  15:50  Marine x2  
  164  15:52  Marine x2  
  164  15:55  Marine  
  169  15:59  Marine  
  169  16:02  Siege Tank, Factory Tech Lab  
  169  16:03  Refinery  
  169  16:04  Marauder  
  175  16:05  Refinery  
  175  16:10  Marauder x2  
  179  16:14  Marine x3  
  179  16:16  Marauder  
  184  16:19  Marine x2  
  186  16:29  Marauder, Marine x3  
  186  16:31  Marauder  
  193  16:33  Marauder, Marine x2  
  193  16:35  Marine  
  193  16:38  Marine x2  
  197  17:13  Orbital Command  
  192  17:51  Marine  
  192  17:52  Marauder, SCV x2, Marine  
  192  17:53  Marauder  
  192  17:55  Marine  
  192  17:58  Marine x4  
  189  17:59  Marauder x2  
  189  18:03  Marine  
Show
View Real Time Build Order
Export as new Build Order

Silky Zerg 

Build Orders: Hatch First 

Get SALT Encoding   

  12  0:00  Drone  
  13  0:12  Overlord  
  13  0:16  Drone  
  14  0:31  Drone x2  
  16  0:47  Hatchery  
  15  0:50  Drone  
  15  0:54  Drone  
  18  0:57  Drone  
  18  1:07  Extractor  
  17  1:12  Spawning Pool  
  17  1:15  Drone  
  17  1:18  Drone  
  18  1:28  Drone  
  19  1:38  Drone  
  20  1:49  Overlord  
  20  1:58  Queen x2  
  20  1:59  Zergling x2  
  20  2:00  Zergling x2  
  26  2:08  Metabolic Boost  
  26  2:10  Drone  
  26  2:11  Drone  
  28  2:29  Hatchery  
  27  2:31  Drone  
  28  2:37  Queen  
  28  2:42  Drone x2  
  32  2:47  Overlord  
  32  2:51  Drone  
  33  3:06  Overlord, Drone x2  
  33  3:08  Drone x2  
  33  3:11  Drone x3  
  40  3:17  Queen  
  42  3:21  Overlord  
  42  3:26  Zergling x4  
  44  3:35  Drone  
  44  3:39  Drone x4  
  49  3:43  Queen  
  49  3:45  Zergling x4  
  52  4:00  Drone x2  
  52  4:01  Drone x4  
  55  4:04  Drone  
  55  4:05  Lair  
  56  4:10  Baneling Nest  
  56  4:12  Drone  
  56  4:13  Overlord, Drone  
  57  4:17  Spore Crawler  
  57  4:19  Spore Crawler  
  57  4:23  Overlord  
  55  4:24  Spore Crawler  
  55  4:30  Extractor  
  53  4:32  Extractor  
  53  4:33  Queen  
  53  4:37  Drone x5  
  59  4:39  Zergling x2  
  59  4:44  Zergling x6  
  63  4:47  Overlord  
  63  4:49  Drone  
  63  4:51  Drone x2  
  66  4:54  Drone x2  
  66  4:59  Overlord  
  68  5:00  Drone x2  
  66  5:18  Zergling x8  
  66  5:20  Drone  
  66  5:21  Drone x4  
  72  5:25  Extractor, Drone x2  
  72  5:26  Extractor  
  75  5:30  Hatchery  
  75  5:31  Drone x2  
  75  5:34  Drone x2, Evolution Chamber  
  75  5:35  Evolution Chamber  
  76  5:37  Drone x2  
  76  5:42  Drone  
  79  5:47  Hatchery, Drone  
  79  5:50  Drone  
  79  5:51  Extractor x2  
  79  5:54  Zergling x8  
  79  5:56  Zergling x2  
  79  5:57  Zergling x2  
  84  5:58  Zergling x2  
  84  5:59  Zergling x2  
  84  6:01  Drone  
  84  6:02  Drone  
  84  6:04  Zerg Melee Weapons Level 1  
  88  6:07  Zerg Ground Armor Level 1  
  88  6:14  Overlord  
  88  6:15  Overlord  
  88  6:20  Hydralisk Den  
  88  6:25  Baneling, Centrifical Hooks  
  87  6:29  Drone x3  
  87  6:30  Overlord x2  
  90  6:34  Zergling x14  
  90  6:36  Drone x2  
  99  6:40  Zergling x2  
  99  6:42  Zergling x6  
  103  6:48  Baneling x4  
  103  6:49  Baneling  
  103  6:52  Zergling x8  
  103  6:53  Baneling x2  
  107  6:55  Muscular Augments  
  107  6:59  Baneling x3  
  107  7:07  Hydralisk x7  
  121  7:11  Drone x3  
  124  7:16  Queen  
  124  7:20  Overlord x2, Drone  
  126  7:33  Zergling x2  
  126  7:34  Zergling x6  
  126  7:35  Spawning Pool  
  126  7:36  Overlord  
  120  7:39  Hydralisk, Drone x6  
  120  7:40  Drone  
  127  7:50  Hydralisk x2  
  127  7:51  Hydralisk x3  
  137  8:05  Baneling x3  
  136  8:06  Zerg Ground Armor Level 2, Zerg Melee Weapons Level 2  
  136  8:22  Zergling x10  
  136  8:23  Zergling x18  
  136  8:24  Overlord x2  
  150  8:27  Grooved Spines  
  150  8:28  Infestation Pit, Drone  
  150  8:31  Extractor  
  149  8:38  Hatchery  
  149  8:39  Zergling x4  
  149  8:40  Overlord  
  150  8:43  Zergling x2  
  150  8:44  Zergling x28  
  160  8:56  Drone x3  
  160  8:59  Zergling x18  
  172  9:05  Hatchery  
  172  9:06  Hive  
  172  9:08  Drone x3  
  174  9:12  Extractor  
  167  9:25  Zergling x14  
  167  9:29  Baneling, Overlord x2  
  167  9:30  Baneling  
  174  9:32  Overlord  
  174  9:41  Baneling  
  174  9:42  Baneling x17  
  167  9:52  Zergling x2  
  167  9:53  Zergling x32  
  173  10:01  Zergling x16  
  175  10:16  Baneling x13  
  175  10:17  Baneling x9  
  175  10:18  Baneling x5, Viper  
  174  10:21  Ultralisk Cavern  
  174  10:24  Baneling x2  
  174  10:25  Baneling x7  
  168  10:37  Zergling x30  
  168  10:38  Zergling x6  
  168  10:42  Zerg Ground Armor Level 3, Zerg Melee Weapons Level 3  
  186  10:45  Baneling x4  
  186  10:48  Zergling x14  
  184  11:01  Zergling x24  
  184  11:02  Zergling x4  
  151  11:14  Hydralisk x7  
  153  11:20  Baneling x2, Drone  
  153  11:21  Drone  
  153  11:22  Drone x3  
  157  11:40  Chitinous Plating  
  157  11:41  Ultralisk x3  
  157  11:43  Drone x4  
  177  12:04  Viper  
  180  12:14  Hydralisk x4, Zergling x8, Ultralisk  
  198  12:21  Spore Crawler x2  
  196  12:23  Spore Crawler x2, Overseer  
  196  12:25  Hydralisk x2  
  196  12:28  Baneling x3  
  198  12:31  Spore Crawler  
  198  12:32  Spore Crawler x2  
  198  12:33  Spore Crawler  
  198  12:34  Baneling  
  198  12:35  Baneling x4  
  198  12:36  Baneling x2  
  194  12:43  Baneling x7  
  194  12:49  Queen  
  183  13:00  Ultralisk  
  174  13:13  Drone x3  
  174  13:14  Spire  
  174  13:15  Extractor  
  174  13:16  Spire, Zergling x2  
  174  13:17  Zergling x28  
  188  13:22  Zerg Missile Weapons Level 1  
  187  13:30  Zergling x26  
  198  13:37  Zergling x6  
  190  14:06  Baneling x5  
  190  14:07  Baneling x24  
  172  14:16  Zergling x46  
  183  14:20  Zergling x2  
  183  14:21  Zergling x16  
  176  14:25  Zergling x14  
  172  14:33  Zergling x12  
  172  14:36  Baneling  
  172  14:37  Baneling x5  
  173  14:39  Zergling x6  
  165  14:59  Overlord x2  
  145  15:19  Drone x5  
  145  15:20  Drone x8  
  155  15:46  Hatchery  
  152  15:53  Drone x6  
  152  15:54  Overlord x3  
  158  16:11  Queen x2  
  158  16:16  Drone x3  
  158  16:17  Drone x2  
  158  16:18  Drone x2  
  169  16:22  Drone x2  
  169  16:23  Drone x2  
  173  16:31  Infestor x3  
  178  16:39  Drone x3  
  181  16:41  Zergling x2  
  181  16:44  Overlord  
  181  16:45  Baneling x10  
  181  16:46  Baneling x7  
  181  16:47  Baneling  
  182  16:50  Baneling x3  
  182  16:51  Baneling x4  
  181  17:06  Zergling x18  
  181  17:07  Zergling x8  
  193  17:14  Zergling x8  
  178  17:27  Corruptor x5  
  178  17:28  Corruptor  
  182  17:44  Hatchery  
  182  17:45  Zergling x16  
Tags
 
Add a new tag
Caveats
  • Supply blocks, unpowered buildings, or Contaminate may cause inaccurate times.
  • Supply counts are checked every 10 seconds.